 Dungeon Crawl Stone Soup version 0.29.1-13-g9f3cf754e1 (webtiles) character file.

Game seed: 14380032832871183135

3146 Peloso the Carver (level 9, 0/78 HPs)
             Began as a Minotaur Fighter on Jan 19, 2023.
             Was a Priest of Okawaru.
             Slain by an orc knight
             ... wielding a +0 glaive
              (21 damage)
             ... in a bailey.
             The game lasted 00:15:56 (8518 turns).

Peloso the Carver (Minotaur Fighter)                Turns: 8518, Time: 00:15:57

Health: 0/78       AC: 20    Str: 22    XL:     9   Next: 62%
Magic:  6/8        EV:  7    Int:  5    God:    Okawaru [***...]
Gold:   1293       SH: 17    Dex: 13    Spells: 8/8 levels left

rFire   . . .      SeeInvis .   a - +1 long sword
rCold   . . .      Faith    .   d - +0 tower shield
rNeg    . . .      Spirit   .   v - +0 plate armour
rPois   .          Reflect  .   (helmet restricted)
rElec   .          Harm     .   (no cloak)
rCorr   +          Rampage  .   (no gloves)
Will    +....                   u - +0 pair of boots
Stlth   ..........              (no amulet)
HPRegen 0.23/turn               n - ring of resist corrosion
MPRegen 0.11/turn               w - ring of willpower

@: mighty, heroic, on berserk cooldown, slowed, very slow
A: horns 2, retaliatory headbutt, claws 1, talons 1, iridescent scales 1
a: Renounce Religion, Heroism


You were in a bailey.
You worshipped Okawaru.
Okawaru was most pleased with you.
You visited 2 branches of the dungeon, and saw 9 of its levels.
You also visited: Bailey.

You collected 1293 gold pieces.

Inventory:

Hand Weapons
 a - a +1 long sword (weapon)
 c - a +0 halberd
Missiles
 j - 2 throwing nets (quivered)
Armour
 b - a +0 scale mail
 d - a +0 tower shield (worn)
 u - a +0 pair of boots (worn)
 v - a +0 plate armour (worn)
Jewellery
 n - a ring of resist corrosion (left claw)
 p - a ring of wizardry
 w - a ring of willpower (right claw)
Wands
 l - a wand of charming (10)
 m - a wand of flame (17)
 x - a wand of quicksilver (11)
 y - a wand of roots (2)
Scrolls
 e - 2 scrolls of amnesia
 f - 4 scrolls of teleportation
 g - 3 scrolls of butterflies
 h - 2 scrolls of immolation
 i - a scroll of identify
 s - 2 scrolls of blinking
Potions
 q - 5 potions of curing
 t - 2 potions of resistance
 z - a potion of might


   Skills:
 + Level 6.7(11.7) Fighting
 + Level 10.5(15.5) Long Blades
 + Level 9.6(14.6) Armour
 + Level 1.9(6.9) Dodging
 + Level 0.3(5.3) Stealth
 + Level 7.0(12.0) Shields
 + Level 0.5 Invocations
 + Level 0.7 Evocations


You had 8 spell levels left.
You didn't know any spells.
Your spell library contained the following spells:

 Spells                   Type           Power      Damage    Failure   Level
 Ensorcelled Hibernation  Hex/Ice        0%         N/A       100%        2
 Passwall                 Tmut/Erth      0%         N/A       100%        2
 Dazzling Flash           Conj/Hex       0%         N/A       100%        3
 Swiftness                Air            0%         N/A       100%        3
 Iskenderun's Mystic Bla  Conj/Tloc      0%         2d3       100%        4
 Starburst                Conj/Fire      0%         6d3       100%        6
 Storm Form               Tmut/Air       0%         N/A       100%        7
 Maxwell's Capacitive Co  Air            0%         ∞         100%        8
 Summon Lightning Spire   Summ/Air       Unusable   N/A       N/A         4

Dungeon Overview and Level Annotations

Branches:
Dungeon (8/15)             Temple (1/1) D:4          Bailey (1/1)
   Lair: D:8-11

Altars:
Ashenzari
Cheibriados
Dithmenos
Elyvilon
Gozag
Hepliaklqana
Nemelex Xobeh
Okawaru
Ru
Sif Muna
Uskayaw
Xom
Yredelemnul
Zin
The Shining One

Shops:
D:7 **


Innate Abilities, Weirdness & Mutations

You have a pair of horns on your head.
You reflexively headbutt those who attack you in melee.
You have sharp fingernails.
You have sharp toenails.
You are partially covered in iridescent scales. (AC +2)


Message History

* * * LOW HITPOINT WARNING * * *
The orc knight completely misses you.
You barely miss the orc knight.
The orc knight is heavily wounded.
You block the orc warrior's attack. You block the orc knight's attack.
You slash the orc knight!
The orc knight is severely wounded.
You are no longer berserk.
You are exhausted.
You feel yourself slow down.
The orc warrior hits you but does no damage.
You block the orc knight's attack.
You feel much better.
The orc warrior no longer looks unusually strong.
The orc warrior hits you but does no damage.
The orc knight hits you but does no damage.
You gain the combat prowess of a mighty hero.
You block the orc warrior's attack.
The orc knight roars a battlecry!
The orc warrior goes into a battle-frenzy!
The orc warrior hits you from afar with a +0 spear!
You block the orc knight's attack.
You feel very mighty all of a sudden. You block the orc warrior's attack.
The orc knight hits you with a +0 glaive!
* * * LOW HITPOINT WARNING * * *
Unknown command.
You hit the orc knight but do no damage.
The orc knight is severely wounded.
The orc warrior no longer looks unusually strong.
You block the orc warrior's attack.
The orc knight hits you but does no damage.
You block the orc warrior's attack.
The orc knight roars a battlecry!
The orc warrior goes into a battle-frenzy!
You hit the orc knight. Your headbutt misses the orc knight.
The orc knight is severely wounded.
You block the orc warrior's attack.
The orc knight hits you with a +0 glaive!!
You die...

########### ##.........##
##..~~~~~~~..##
##..~~.).).~~..##
####..~~..###..~~..##########
.....~~..## ##..~~..........#
~~~~~~..##.∩.##..~~~~~~~~~~.#
.......##.....##@...))....~.#
###########+###o#########.~.#
.....§.o# ##.~.# # ≈≈≈≈§§≈§.
##..~.# ## ≈...§o§§..
##..~~.# .# ..⌠∩⌠...§..
#..~~.∩# .#+#
...⌠...≈≈..#+#..~~.## ##.##
≈.....§≈..##.##..~~.# #.$.#
≈≈§.≈ .##...##..~.#


You could see an orc knight and 2 orc warriors.

Vanquished Creatures
  A troll (D:6)
  Sigmund (D:5)
  2 steam dragons
  3 water moccasins
  2 orc warriors (Bailey)
  An ice beast (D:6)
  2 black bears
  3 ogres
  2 centaurs
  A bullfrog (D:7)
  4 scorpions
  3 necrophages
  3 jellies
  An orc priest (D:7)
  3 hounds
  2 gnoll boudas
  7 iguanas
  Terence (D:3)
  An orc wizard (D:7)
  Robin (D:4)
  13 gnolls
  6 adders
  A shadow imp (D:6)
  2 white imps
  An ufetubus (D:7)
  4 worms
  2 dart slugs
  29 orcs
  4 ball pythons
  3 endoplasms
  4 giant cockroaches
  17 goblins
  9 hobgoblins
  2 jackals (D:5)
  3 quokkas
  3 bats
  4 frilled lizards (D:1)
  8 kobolds
  7 rats
166 creatures vanquished.

Vanquished Creatures (others)
  2 withered plants (D:4)
2 creatures vanquished.

Grand Total: 168 creatures vanquished

Notes
Turn   | Place    | Note
-------+----------+-------------------------------------------
     0 | D:1      | Peloso the Minotaur Fighter began the quest for the Orb.
     0 | D:1      | Reached XP level 1. HP: 19/19 MP: 0/0
   253 | D:1      | Reached XP level 2. HP: 27/27 MP: 1/1
   403 | D:1      | Found a faded altar of an unknown god.
   808 | D:2      | Reached XP level 3. HP: 32/32 MP: 2/2
  1148 | D:2      | Reached skill level 3 in Long Blades
  1365 | D:2      | Gained mutation: You have sharp fingernails. [potion of
                  | mutation]
  1365 | D:2      | Gained mutation: You have sharp toenails. [potion of
                  | mutation]
  1365 | D:2      | Gained mutation: You are partially covered in iridescent
                  | scales. (AC +2) [potion of mutation]
  1687 | D:3      | Reached XP level 4. HP: 35/40 MP: 3/3
  1943 | D:3      | Noticed Terence
  1951 | D:3      | Killed Terence
  1952 | D:3      | Reached skill level 4 in Long Blades
  1952 | D:3      | Reached skill level 5 in Armour
  1952 | D:3      | Reached XP level 5. HP: 36/46 MP: 4/4
  2301 | D:3      | Reached skill level 1 in Dodging
  3060 | D:3      | Found a hazy altar of Hepliaklqana.
  3060 | D:3      | Found a hide-covered altar of Uskayaw.
  3221 | D:4      | Found a basalt altar of Yredelemnul.
  3357 | D:4      | Reached XP level 6. HP: 39/53 MP: 5/5
  3383 | D:4      | Reached skill level 5 in Long Blades
  3413 | D:4      | Reached skill level 5 in Shields
  3413 | D:4      | Noticed Robin
  3424 | D:4      | Killed Robin
  3922 | D:4      | Found a staircase to the Ecumenical Temple.
  3931 | Temple   | Entered the Ecumenical Temple
  3956 | Temple   | Became a worshipper of Warmaster Okawaru
  4024 | D:4      | Found a glowing silver altar of Zin.
  4316 | D:5      | Entered Level 5 of the Dungeon
  4375 | D:5      | Reached skill level 6 in Long Blades
  4375 | D:5      | Reached XP level 7. HP: 57/60 MP: 6/6
  4641 | D:4      | Reached * piety under Okawaru
  4798 | D:5      | Reached skill level 7 in Long Blades
  5182 | D:5      | Noticed Sigmund
  5194 | D:5      | Killed Sigmund
  5195 | D:5      | Reached skill level 5 in Fighting
  5195 | D:5      | Reached XP level 8. HP: 63/68 MP: 5/7
  5361 | D:5      | Found a sparkling altar of Nemelex Xobeh.
  5480 | D:5      | Reached skill level 8 in Long Blades
  5824 | D:5      | Identified a scroll of acquirement
  5824 | D:5      | Acquired 778 gold pieces
  5882 | D:6      | Reached ** piety under Okawaru
  6076 | D:6      | Noticed a troll
  6093 | D:6      | Killed a troll
  6393 | D:6      | Reached skill level 9 in Long Blades
  6481 | D:6      | Reached XP level 9. HP: 74/75 MP: 8/8
  6876 | D:7      | Found Quinul's Specific Store.
  6876 | D:7      | Found Qaocsoy's General Store.
  7008 | D:7      | Reached skill level 10 in Long Blades
  7069 | D:7      | Reached *** piety under Okawaru
  7209 | D:7      | Found an opulent altar of Gozag.
  8111 | D:8      | Found a flagged portal.
  8133 | Bailey   | Entered a bailey
  8481 | Bailey   | Noticed an orc knight
  8518 | Bailey   | Slain by an orc knight

Illustrated notes

Levels and vault maps discovered:
D:1:      mushboom_english_gardens, layout_rooms,
          chequers_ecumenical_altar_twisty, minmay_misc_feat_cross
D:2:      layout_loops_cross, kennysheep_boxes
D:3:      layout_loops_corners, gammafunk_temple_overflow_pools, uniq_terence
D:4:      layout_rooms, zin_statuary, yredelemnul_altar_generic,
          minmay_temple_entry_antechambers, minmay_bent, uniq_robin
D:5:      layout_loops_cross, mainiacjoe_overflow_alcove_4, uniq_sigmund
D:6:      layout_rooms
D:7:      layout_cave_pods, overflow_temple_1_default, nicolae_specific_store,
          grunt_decor_arrowhead
D:8:      layout_basic, enter_bailey_3
Temple:   compressed_dpeg_circular_temple
Bailey:   bailey_polearm_1, bailey

Skill      XL: |  1  2  3  4  5  6  7  8  9 |
---------------+----------------------------+-----
Armour         | 4 5 7 8 9 |  9.6
Fighting       | 4 5 6 |  6.7
Long Blades    | 3 4 6 7 9 10 | 10.5
Shields        | 4 5 6 7 |  7.0
Dodging        | 1 |  1.9
Stealth        | |  0.3
Invocations    | |  0.5
Evocations     | |  0.7

Action                   |  1- 3 |  4- 6 |  7- 9 || total
-------------------------+-------+-------+-------++-------
Melee: Long sword        |    88 |   184 |   331 ||   603
       Headbutt          |    10 |    30 |    77 ||   117
Invok: Heroism           |       |       |     6 ||     6
Evoke: Wand              |       |       |     3 ||     3
  Use: Scroll            |     1 |     9 |     5 ||    15
       Potion            |     1 |     6 |     4 ||    11
Armor: Scale mail        |    41 |    17 |       ||    58
       Plate armour      |       |    73 |   226 ||   299
       Chain mail        |       |    15 |       ||    15
Dodge: Dodged            |    43 |    68 |    96 ||   207
Block: Buckler           |    21 |    52 |    55 ||   128
       Tower shield      |       |       |   172 ||   172
